 Dungeon Sprint DCSS version 0.16-a0-4078-g0e80503 (console) character file.

8500000 Monkaria the Axe Maniac (level 27, -16/249 HPs)
             Began as a Human Fighter on Feb 22, 2015.
             Was the Champion of Makhleb.
             Demolished by a destroyer
             ... wielding a +9 great sword of slicing
              (31 damage)
             ... in the Dungeon (Sprint VIII: "Arena of Blood").
             The game lasted 00:04:59 (85 turns).

Monkaria the Axe Maniac (Human Fighter)               Turns: 85, Time: 00:04:59

Health: -16/249    AC: 13    Str: 21    XL:     27
Magic:  26/49      EV: 32    Int: 10    God:    Makhleb [******]
Gold:   0          SH:  0    Dex: 20    Spells: 0 memorised, 80 levels left

rFire  . . .     SeeInvis .     h - +∞ Axe of Woe
rCold  . . .     Clarity  .     b - +0 scale mail
rNeg   . . .     SustAb   .     (no shield)
rPois  .         Gourm    .     (no helmet)
rElec  .         Spirit   .     (no cloak)
rCorr  .         Warding  .     (no gloves)
rMut   .         NoTele   +     (no boots)
MR     ++...                    (no amulet)
Stlth  ++++++++..               m - +200 ring of slaying
                                a - +30 ring of slaying

@: very slightly contaminated, very resistant to hostile enchantments,
extraordinarily stealthy
A: no striking features
a: Minor Destruction, Lesser Servant of Makhleb, Major Destruction, Greater
Servant of Makhleb, Renounce Religion


You were in the Dungeon.
You worshipped Makhleb.
Makhleb was exalted by your worship.
You were not hungry.

You visited 1 branch

Inventory:

Hand weapons
 h - the +∞ Axe of Woe (weapon)
   (You found it in the Dungeon)
Armour
 b - a +0 scale mail (worn)
 c - a +0 shield
Jewellery
 a - a +30 ring of slaying (left hand)
 l - a +30 ring of slaying
 m - a +200 ring of slaying (right hand)
Scrolls
 k - a scroll of blinking
Potions
 e - a potion of might
 f - a potion of curing
 g - a potion of heal wounds
 i - 2 potions of magic
 j - a potion of berserk rage
Comestibles
 d - a bread ration


   Skills:
 O Level 27 Fighting
 O Level 27 Axes
 O Level 27 Throwing
 O Level 27 Armour
 O Level 27 Dodging
 O Level 27 Stealth
 O Level 27 Shields
 O Level 27 Unarmed Combat
 O Level 27 Spellcasting
 O Level 27 Invocations


You had 80 spell levels left.
You didn't know any spells.

Dungeon Overview and Level Annotations

Branches:
Dungeon (1/1)

Altars:
Makhleb


Message History

The hellfire explodes!
The burst of hellfire engulfs you!
You hear a shout!
The eight-headed meat hydra appears out of thin air!
An eight-headed meat hydra comes into view.
You hear a shout!
The dread throws hellfire at you.
The hellfire explodes!
The burst of hellfire engulfs you!
The burst of hellfire engulfs the bag of meat.
You hear a shout!
The destroyer blinks!
The eight-headed meat hydra roars!
A meat beast comes into view.
You hear a shout! x4
The dread calls on the powers of darkness!
Your body is wracked with pain!
The bag of meat convulses!
The bag of meat convulses!
You hear a shout! x2
The destroyer hits you with a +9 great sword of slicing!!!!
* * * LOW HITPOINT WARNING * * *
You die...

#... .# #... ..#
..###..% ..###.
.......###W.....
#.. .....§..W...
.... #§§§..# .....
#§§§._# .
.......#§§)..#.....
#.....)oo@V..O2...
........)###.o.....
...###.§. ..###. ..
#D... ..# #..... .#
......... .........
........ ...


You could see a meat beast (wandering), a destroyer, 2 dreads, a meat berserker
(berserk) and 3 bags of meat.

Vanquished Creatures
  A hell beast (D)
  4 hill giants (D)
  2 liches (D)
  15 ogres (D)
  40 orcs (D)
  2 skeletal warriors (D)
  9 vampire knights (D)
  A wraith (D)
  A large abomination (D)
  3 small abominations (D)
  5 crawling corpses (D)
83 creatures vanquished.

Vanquished Creatures (others)
  A small abomination (D)
  A crawling corpse (D)
2 creatures vanquished.

Grand Total: 85 creatures vanquished

Notes
Turn   | Place    | Note
--------------------------------------------------------------
     0 | D        | Monkaria, the Human Fighter, began the quest for the Orb.
     0 | D        | Reached XP level 1. HP: 18/18 MP: 1/1
     4 | D        | Noticed a bag of meat
     6 | D        | Noticed a bag of meat
     6 | D        | Noticed a bag of meat
     8 | D        | Noticed a meat berserker
    10 | D        | Became a worshipper of Makhleb the Destroyer
    12 | D        | Noticed a bag of meat
    13 | D        | Noticed a bag of meat
    13 | D        | Killed a bag of meat
    13 | D        | Reached skill level 15 in Fighting
    13 | D        | Reached skill level 15 in Armour
    13 | D        | Reached skill level 15 in Shields
    13 | D        | Reached XP level 2. HP: 21/44 MP: 2/2
    13 | D        | Reached XP level 3. HP: 23/50 MP: 3/3
    13 | D        | Reached XP level 4. HP: 26/57 MP: 4/4
    13 | D        | Reached XP level 5. HP: 28/63 MP: 5/5
    13 | D        | Reached XP level 6. HP: 31/70 MP: 6/6
    13 | D        | Reached XP level 7. HP: 33/76 MP: 7/7
    13 | D        | Reached XP level 8. HP: 36/83 MP: 8/8
    13 | D        | Reached XP level 9. HP: 38/89 MP: 9/9
    13 | D        | Reached XP level 10. HP: 40/96 MP: 10/10
    13 | D        | Reached XP level 11. HP: 42/102 MP: 11/11
    14 | D        | Killed a bag of meat
    14 | D        | Acquired Makhleb's first power
    14 | D        | Reached skill level 17 in Fighting
    14 | D        | Reached skill level 10 in Axes
    14 | D        | Reached XP level 12. HP: 44/114 MP: 12/12
    14 | D        | Reached XP level 13. HP: 46/121 MP: 13/13
    15 | D        | Noticed a bag of meat
    15 | D        | Noticed a bag of meat
    15 | D        | Noticed a bag of meat
    15 | D        | Noticed a bag of meat
    16 | D        | Killed a bag of meat
    16 | D        | Reached skill level 18 in Fighting
    16 | D        | Reached skill level 19 in Armour
    17 | D        | Noticed a meat berserker
    18 | D        | Noticed a meat berserker
    18 | D        | Noticed a meat berserker
    21 | D        | Noticed a meat berserker
    23 | D        | Killed a bag of meat
    23 | D        | Acquired Makhleb's second power
    23 | D        | Reached skill level 20 in Armour
    23 | D        | Reached XP level 14. HP: 130/134 MP: 14/14
    24 | D        | Killed a bag of meat
    24 | D        | Reached XP level 15. HP: 134/141 MP: 15/15
    24 | D        | Noticed a bag of meat
    25 | D        | Killed a meat berserker
    25 | D        | Acquired Makhleb's third power
    25 | D        | Killed a bag of meat
    25 | D        | Reached skill level 23 in Axes
    25 | D        | Killed a bag of meat
    25 | D        | Reached skill level 25 in Axes
    25 | D        | Reached XP level 16. HP: 70/148 MP: 16/16
    25 | D        | Killed a bag of meat
    25 | D        | Acquired Makhleb's fourth power
    25 | D        | Reached skill level 27 in Axes
    26 | D        | Noticed a bag of meat
    26 | D        | Killed a meat berserker
    26 | D        | Killed a meat berserker
    26 | D        | Acquired Makhleb's fifth power
    26 | D        | Reached XP level 17. HP: 162/169 MP: 17/17
    27 | D        | Noticed a bag of meat
    27 | D        | Killed a meat berserker
    27 | D        | Reached skill level 27 in Fighting
    28 | D        | Noticed a bag of meat
    28 | D        | Noticed a meat berserker
    29 | D        | Noticed a bag of meat
    30 | D        | Noticed a large bag of meat
    30 | D        | Noticed a destroyer
    31 | D        | Noticed a bag of meat
    31 | D        | Noticed a destroyer
    31 | D        | Noticed a bag of meat
    31 | D        | Noticed a bag of meat
    33 | D        | Noticed a bag of meat
    33 | D        | Noticed a bag of meat
    33 | D        | Noticed a bag of meat
    33 | D        | Noticed a bag of meat
    34 | D        | Noticed a large bag of meat
    34 | D        | Noticed a destroyer
    34 | D        | Killed a destroyer
    34 | D        | Killed a bag of meat
    34 | D        | Reached XP level 18. HP: 177/182 MP: 18/18
    35 | D        | Killed a meat berserker
    35 | D        | Reached skill level 27 in Armour
    35 | D        | Reached skill level 1 in Dodging
    36 | D        | Noticed a large bag of meat
    36 | D        | Noticed a bag of meat
    39 | D        | Noticed a bag of meat
    40 | D        | Killed a large bag of meat
    40 | D        | Killed a bag of meat
    40 | D        | Killed a bag of meat
    40 | D        | Reached XP level 19. HP: 189/189 MP: 18/18
    41 | D        | Noticed a sculptor of flesh
    42 | D        | Killed a destroyer
    42 | D        | Killed a bag of meat
    42 | D        | Killed a bag of meat
    43 | D        | Noticed a bag of meat
    43 | D        | Reached skill level 27 in Dodging
    43 | D        | Reached skill level 1 in Invocations
    44 | D        | Noticed a destroyer
    44 | D        | Killed a bag of meat
    44 | D        | Killed a bag of meat
    44 | D        | Reached XP level 20. HP: 197/197 MP: 18/38
    46 | D        | Noticed a bag of meat
    46 | D        | Killed a destroyer
    47 | D        | Killed a destroyer
    47 | D        | Killed a bag of meat
    47 | D        | Reached skill level 27 in Invocations
    47 | D        | Killed a bag of meat
    48 | D        | Killed a meat berserker
    48 | D        | Reached XP level 21. HP: 204/204 MP: 18/42
    49 | D        | Noticed a bag of meat
    49 | D        | Killed a bag of meat
    49 | D        | Killed a bag of meat
    49 | D        | Killed a bag of meat
    49 | D        | Reached skill level 27 in Stealth
    49 | D        | Killed a bag of meat
    50 | D        | Killed a bag of meat
    51 | D        | Noticed a meat berserker
    51 | D        | Killed a bag of meat
    51 | D        | Reached XP level 22. HP: 212/212 MP: 19/43
    52 | D        | Noticed a bag of meat
    52 | D        | Noticed a bag of meat
    52 | D        | Killed a large bag of meat
    52 | D        | Killed a large bag of meat
    53 | D        | Noticed a bag of meat
    53 | D        | Noticed a destroyer
    53 | D        | Noticed a destroyer
    54 | D        | Noticed a destroyer
    55 | D        | Noticed a sculptor of flesh
    55 | D        | Killed a destroyer
    56 | D        | Noticed a bag of meat
    56 | D        | Killed a sculptor of flesh
    56 | D        | Reached skill level 27 in Spellcasting
    57 | D        | Noticed a meat berserker
    57 | D        | Killed a bag of meat
    57 | D        | Noticed a bag of meat
    58 | D        | Noticed a meat berserker
    58 | D        | Killed a meat berserker
    58 | D        | Reached XP level 23. HP: 219/219 MP: 20/48
    59 | D        | Killed a meat berserker
    60 | D        | Noticed a bag of meat
    60 | D        | Killed a bag of meat
    61 | D        | Killed a destroyer
    62 | D        | Noticed a bag of meat
    62 | D        | Noticed a destroyer
    62 | D        | Noticed a large bag of meat
    62 | D        | Noticed a meat berserker
    62 | D        | Noticed a destroyer
    62 | D        | Killed a bag of meat
    62 | D        | Reached skill level 27 in Throwing
    63 | D        | Killed a destroyer
    64 | D        | Noticed a bag of meat
    64 | D        | Killed a meat berserker
    64 | D        | Killed a bag of meat
    64 | D        | Reached skill level 27 in Shields
    64 | D        | Reached XP level 24. HP: 227/227 MP: 21/48
    65 | D        | Killed a sculptor of flesh
    65 | D        | Killed a destroyer
    66 | D        | Killed a bag of meat
    67 | D        | Noticed a meat berserker
    67 | D        | Killed a meat berserker
    69 | D        | Noticed a bag of meat
    69 | D        | Noticed a bag of meat
    69 | D        | Noticed a tyrant
    69 | D        | Killed a bag of meat
    70 | D        | Noticed a meat berserker
    70 | D        | Killed a destroyer
    70 | D        | Reached skill level 27 in Unarmed Combat
    70 | D        | Killed a bag of meat
    70 | D        | Killed a bag of meat
    70 | D        | Reached XP level 25. HP: 234/234 MP: 22/49
    71 | D        | Noticed a bag of meat
    71 | D        | Noticed a large bag of meat
    72 | D        | Noticed a bag of meat
    72 | D        | Noticed a meat berserker
    72 | D        | Killed a meat berserker
    73 | D        | Noticed a bag of meat
    74 | D        | Killed a meat berserker
    74 | D        | Killed a meat berserker
    74 | D        | Killed a bag of meat
    75 | D        | Noticed a meat berserker
    75 | D        | Noticed a dread
    75 | D        | Noticed a bag of meat
    75 | D        | Noticed a meat berserker
    76 | D        | Noticed a dread
    76 | D        | Killed a bag of meat
    76 | D        | Killed a dread
    76 | D        | Killed a bag of meat
    77 | D        | Noticed a bag of meat
    77 | D        | Killed a large bag of meat
    77 | D        | Reached XP level 26. HP: 242/242 MP: 24/49
    78 | D        | Noticed a destroyer
    78 | D        | Killed a meat berserker
    78 | D        | Killed a bag of meat
    79 | D        | Noticed a bag of meat
    79 | D        | Noticed a meat berserker
    79 | D        | Noticed a meat beast
    80 | D        | Noticed a bag of meat
    80 | D        | Noticed a tyrant
    80 | D        | Killed a tyrant
    80 | D        | Killed a bag of meat
    81 | D        | Noticed a bag of meat
    81 | D        | Noticed a bag of meat
    81 | D        | Killed a bag of meat
    82 | D        | Noticed a dread
    82 | D        | Killed a bag of meat
    83 | D        | Noticed a meat berserker
    83 | D        | Killed a tyrant
    83 | D        | Killed a bag of meat
    83 | D        | Killed a meat berserker
    83 | D        | Killed a bag of meat
    83 | D        | Reached XP level 27. HP: 249/249 MP: 26/49
    84 | D        | Killed a meat beast
    84 | D        | Noticed an eight-headed meat hydra
    85 | D        | Noticed a meat beast
    85 | D        | Demolished by a destroyer

Action                   |  1- 3 |  4- 6 |  7- 9 | 10-12 | 13-15 | 16-18 | 19-21 | 22-24 | 25-27 || total
-------------------------+-------+-------+-------+-------+-------+-------+-------+-------+-------++-------
Melee: Executioner's axe |     1 |       |       |     1 |     4 |     5 |     9 |    17 |    10 ||    47
  Use: Potion            |     1 |       |       |       |       |       |       |       |       ||     1
